 Dungeon Crawl Stone Soup version 0.29.0-4-gdea44cf6ec (webtiles) character file.

Game seed: 4652807849182444478

17 qw the Chopper (level 2, -1/17 HPs)
             Began as a Tengu Warper on Aug 28, 2022.
             Succumbed to their own poison gas
             ... on level 1 of the Dungeon.
             The game lasted 00:00:04 (874 turns).

qw the Chopper (Tengu Warper)                        Turns: 874, Time: 00:00:04

Health: -1/17      AC:  5    Str: 11    XL:     2   Next: 62%
Magic:  6/6        EV: 10    Int: 13    God:
Gold:   29         SH:  0    Dex: 13    Spells: 5/5 levels left

rFire   . . .      SeeInvis .   Y - +0 hand axe
rCold   . . .      Faith    .   (no shield)
rNeg    . . .      Spirit   .   f - +0 ring mail
rPois   .          Reflect  .   (helmet restricted)
rElec   .          Harm     .   (no cloak)
rCorr   .          Rampage  .   (no gloves)
Will    .....                   (boots unavailable)
Stlth   +.........              (no amulet)
HPRegen 0.05/turn               (no ring)
MPRegen 0.10/turn               (no ring)

@: lethally poisoned (-1 -> -11)
A: beak, talons 3
a: no special abilities


You were on level 1 of the Dungeon.
You visited 1 branch of the dungeon, and saw 1 of its levels.

You collected 62 gold pieces.
You spent 33 gold pieces at shops.


Innate Abilities, Weirdness & Mutations

You have a beak for a mouth.
You have claws for feet.


   Skills:
 - Level 2.0 Fighting
 + Level 3.4 Axes
 - Level 1.0 Throwing
 - Level 1.1 Armour
 - Level 2.1 Dodging
 - Level 2.0 Spellcasting
 - Level 2.4 Translocations


You had 5 spell levels left.
You didn't know any spells.
Your spell library contained the following spells:

 Spells                   Type           Power      Damage    Failure   Level
 Blink                    Tloc           14%        N/A       34%         2
 Gell's Gravitas          Tloc           7%         N/A       56%         3
 Lesser Beckoning         Tloc           7%         N/A       56%         3
 Teleport Other           Tloc           7%         N/A       56%         3
 Manifold Assault         Tloc           7%         N/A       99%         5

Inventory:

Hand Weapons
 d - a +0 club
 Y - a +0 hand axe (weapon)
Armour
 f - a +0 ring mail (worn)
Potions
 e - a potion of experience {unknown}
 g - a potion of attraction {unknown}
 h - a potion of heal wounds {unknown}
 j - a potion of berserk rage {unknown}
 m - a potion of degeneration {unknown}

Dungeon Overview and Level Annotations

Branches:
Dungeon (1/15)

Altars:

Shops:
D:1 !


Message History

As you read the scroll labelled MOQEAP EWICW, it crumbles to dust.
You hear a loud clanging noise!
It was a scroll of noise.
Done exploring.
867 ||| DROPPING scroll of blinking.
You drop a scroll of blinking.
Done exploring.
(D) Dungeon
Where to? (* - list waypoints, ? - help)
What level of the Dungeon? (default 1, ? - help) Sorry, I don't know how to get there.
Done exploring.
868 ||| Stepping randomly (stuck).
Really walk into that cloud of poison gas?
You are engulfed in poison gas.
You are poisoned.
You feel very sick.
869 ||| Stepping ~*~*~tactically~*~*~ (cloud).
You feel very sick.
Things that are here:
a scroll of blinking; a +0 leather armour
870 ||| DRINKING potion of curing.
You feel better.
870 ||| (to cure poison) Done exploring.
(D) Dungeon
Where to? (* - list waypoints, Enter - D:2, ? - help)
What level of the Dungeon? (default 1, ? - help) Sorry, I don't know how to get there.
Done exploring.
871 ||| Stepping randomly (stuck).
Really walk into that cloud of poison gas?
You are engulfed in poison gas.
You are lethally poisoned!
You feel very sick.
872 ||| Stepping ~*~*~tactically~*~*~ (cloud).
You feel very sick.
Things that are here:
a scroll of blinking; a +0 leather armour
There is a lethal amount of poison in your body!
You feel very sick.
There is a lethal amount of poison in your body!
You die...

#####.##.........#
#¤00¤¤##.........#
#0¤¤00##.###########
#¤00¤0...#.........#
#0¤¤0##..#...###...#
#¤.¤¤###.'...#%#.<.#
#¤.00# ###..[###...#
#0¤¤0# #.........#
#0¤@¤# ###########
######


There were no monsters in sight!

Vanquished Creatures
  2 giant cockroaches (D:1)
  2 hobgoblins (D:1)
  4 jackals (D:1)
  A kobold (D:1)
  3 ball pythons (D:1)
  A goblin (D:1)
  A rat (D:1)
14 creatures vanquished.

Notes
Turn   | Place    | Note
-------+----------+-------------------------------------------
     0 | D:1      | qw the Tengu Warper began the quest for the Orb.
     0 | D:1      | Reached XP level 1. HP: 12/12 MP: 4/4
     0 | D:1      | 0 ||| qw: Version: 0.1-a-89-g26bdef1
     0 | D:1      | 0 ||| qw: Game counter: 1789
     0 | D:1      | 0 ||| qw: Always use a shield: true
     0 | D:1      | 0 ||| qw: God list: Okawaru
     0 | D:1      | 0 ||| qw: Allow faded altars: false
     0 | D:1      | 0 ||| qw: Do Orc after D:15 true
     0 | D:1      | 0 ||| qw: Do second Lair branch before Depths: true
     0 | D:1      | 0 ||| qw: Lair rune preference: random
     0 | D:1      | 0 ||| qw: Plans: Normal
     0 | D:1      | 0 ||| PLANNING D:1-11
   103 | D:1      | Reached XP level 2. HP: 6/17 MP: 6/6
   104 | D:1      | Reached skill level 3 in Axes
   447 | D:1      | 447 ||| Stepping ~*~*~tactically~*~*~ (stealth).
   603 | D:1      | Found Xoaxka's Distillery.
   608 | D:1      | 608 ||| SHOPLISTING 2 potions of curing (66 gold, have 55).
   608 | D:1      | 608 ||| BUYING potion of curing (33 gold).
   608 | D:1      | Bought a potion of curing for 33 gold pieces
   608 | D:1      | 608 ||| SHOPLISTING potion of curing (33 gold, have 22).
   608 | D:1      | 608 ||| SHOPLISTING potion of might (44 gold, have 22).
   853 | D:1      | 853 ||| UPGRADING to +0 ring mail.
   863 | D:1      | 863 ||| DROPPING +0 leather armour.
   864 | D:1      | 864 ||| READING scroll labelled ASHOILIDIWK.
   865 | D:1      | 865 ||| READING scroll labelled MAWAOR EHATWAO.
   866 | D:1      | 866 ||| READING scroll labelled MOQEAP EWICW.
   867 | D:1      | 867 ||| DROPPING scroll of blinking.
   868 | D:1      | 868 ||| Stepping randomly (stuck).
   869 | D:1      | 869 ||| Stepping ~*~*~tactically~*~*~ (cloud).
   870 | D:1      | 870 ||| DRINKING potion of curing.
   870 | D:1      | 870 ||| (to cure poison)
   871 | D:1      | 871 ||| Stepping randomly (stuck).
   872 | D:1      | 872 ||| Stepping ~*~*~tactically~*~*~ (cloud).
   872 | D:1      | HP: 4/17 [poisoned by you (poison gas)]
   873 | D:1      | HP: 1/17 [poisoned by you (poison gas)]
   874 | D:1      | Succumbed to their own poison gas

Levels and vault maps discovered:
D:1:      nicolae_arrival_memento_mori, layout_rooms, serial_shops,
          nicolae_shop_crystal

Skill      XL: |  1  2 |
---------------+-------+-----
Axes           | 3 |  3.4
Fighting       | |  2.0
Throwing       | |  1.0
Armour         | |  1.1
Dodging        | |  2.1
Spellcasting   | |  2.0
Translocations | |  2.4

Action                   || total
-------------------------++-------
Melee: Hand axe          ||    30
       Peck              ||     2
       Kick              ||     5
Throw: Boomerang         ||     7
  Use: Scroll            ||     3
       Potion            ||     1
Armor: Leather armour    ||     9
Dodge: Dodged            ||    16

Table legend:
 A = Non-vault XP
 B = Vault XP
 C = Vault XP percentage of total XP
 D = Non-vault monster count
 E = Vault monster count
 F = Vault count percentage of total count
                 A         B        C        D         E       F
            +---------+---------+-------+---------+---------+-------
      Total |      25 |       0 |   0.0 |      14 |       0 |   0.0
            +---------+---------+-------+---------+---------+-------
        D:1 |      25 |       0 |   0.0 |      14 |       0 |   0.0
            +---------+---------+-------+---------+---------+-------
